 Dungeon Crawl Stone Soup version 0.21.0-24-g2553a33 (webtiles) character file.

4720 nikopol the Thaumaturge (level 10, 0/52 HPs)
             Began as a Deep Elf Fire Elementalist on Jan 21, 2018.
             Was a Follower of Sif Muna.
             Shot with an arrow by a centaur warrior (9 damage)
             ... on level 9 of the Dungeon.
             The game lasted 00:56:40 (10431 turns).

nikopol the Thaumaturge (DEFE)                     Turns: 10431, Time: 00:56:40

Health: 0/52       AC:  3    Str:  5    XL:     10   Next: 22%
Magic:  18/27      EV: 14    Int: 24    God:    Sif Muna [*.....]
Gold:   129        SH:  0    Dex: 15    Spells: 21/32 levels left

rFire    . . .     SeeInvis .   e - +0 dagger
rCold    . . .     Gourm    .   (no shield)
rNeg     . . .     Faith    .   a - +0 robe
rPois    .         Spirit   .   (no helmet)
rElec    .         Reflect  .   y - +0 cloak {MR+}
rCorr    .         Harm     .   (no gloves)
MR       ++...                  (no boots)
Stlth    +++.......             (no amulet)
HPRegen  0.17/turn              (no ring)
MPRegen  0.20/turn              (no ring)

@: no status effects
A: no striking features
a: Divine Energy, Renounce Religion


You were on level 9 of the Dungeon.
You worshipped Sif Muna.
Sif Muna was aware of your devotion.
You were not hungry.

You visited 2 branches of the dungeon, and saw 10 of its levels.

You collected 316 gold pieces.
You spent 187 gold pieces at shops.

Inventory:

Hand Weapons
 e - a +0 dagger (weapon)
Armour
 a - a +0 robe (worn)
 y - a +0 cloak of magic resistance (worn)
Jewellery
 q - an uncursed ring of see invisible {unknown}
Wands
 A - a wand of random effects (64)
 B - a wand of scattershot (8)
 E - a wand of disintegration (10)
Scrolls
 d - 2 scrolls of amnesia {unknown}
 f - 6 scrolls of remove curse {unknown}
 g - 4 scrolls of identify {unknown}
 j - 4 scrolls of teleportation
 m - 2 scrolls of fog {unknown}
 n - 4 scrolls of enchant weapon {unknown}
 o - 2 scrolls of fear {unknown}
 p - a scroll of magic mapping {unknown}
 u - a scroll of immolation {unknown}
 v - 2 scrolls of enchant armour {unknown}
 w - a scroll of noise {unknown}
 C - a scroll of summoning
Potions
 h - 2 potions of heal wounds {unknown}
 i - a potion of haste {unknown}
 k - a potion of lignification {unknown}
 l - a potion of flight {unknown}
 r - a potion of brilliance {unknown}
 s - a potion of ambrosia {unknown}
 t - 2 potions of berserk rage {unknown}
 x - a potion of resistance {unknown}
 z - 2 potions of agility
 D - a potion of curing
Books
 b - a book of Flames

   Spells                             Type                      Level
   a - Flame Tongue                   Conjuration/Fire             1
   b - Throw Flame                    Conjuration/Fire             2
   c - Conjure Flame                  Conjuration/Fire             3
   d - Inner Flame                    Hexes/Fire                   3
   e - Sticky Flame                   Conjuration/Fire             4
   f - Fireball                       Conjuration/Fire             5
Comestibles
 c - 14 rations


   Skills:
 + Level 1.3 Fighting
 + Level 1.0 Short Blades
 + Level 3.9 Dodging
 + Level 4.1 Stealth
 + Level 11.6 Spellcasting
 + Level 8.8 Conjurations
 + Level 9.4 Fire Magic


You had 21 spell levels left.
You knew the following spells:

 Your Spells              Type           Power        Failure   Level  Hunger
a - Flame Tongue          Conj/Fire      #####        1%          1    None
b - Throw Flame           Conj/Fire      ######       1%          2    None
c - Conjure Flame         Conj/Fire      ######..     1%          3    None
d - Fireball              Conj/Fire      ######....   2%          5    ###....


Dungeon Overview and Level Annotations

Branches:
Dungeon (9/15)             Temple (1/1) D:7            Lair (0/6) D:8
    Orc: D:9-12

Altars:
Ashenzari
Cheibriados
Dithmenos
Elyvilon
Fedhas
Gozag
Hepliaklqana
Kikubaaqudgha
Makhleb
Nemelex Xobeh
Okawaru
Qazlal
Ru
Sif Muna
Trog
Uskayaw
Vehumet
Wu Jian
Xom
Yredelemnul
Zin
The Shining One

Shops:
D:8 ?


Message History

The arrow hits you!
Casting: Conjure Flame
Confirm with . or Enter, or press ? or * to list all spells.
Aiming: Flame Tongue
Press: ? - help, Shift-Dir - straight line, f - centaur warrior
Aim: a centaur warrior, wielding a shortbow The flame tongue hits the centaur warrior.
The centaur warrior is lightly wounded.
The centaur warrior shoots an arrow.
The arrow hits you!!
* * * LOW HITPOINT WARNING * * *
Casting: Flame Tongue
Confirm with . or Enter, or press ? or * to list all spells.
Aiming: Fireball
Press: ? - help, Shift-Dir - straight line, f/p - centaur warrior
Aim: a centaur warrior, wielding a shortbow (lightly wounded)
The fireball explodes!
The fireball engulfs the centaur warrior.
The centaur warrior is heavily wounded.
The centaur warrior shoots an arrow.
The arrow hits you!
You die...

.###...## ##...##
##.####..#.#
..8.....##.# #
##.####..#.# #.
#.#.#5###...#
#.###c##.##.###..#
#...ยง###.###.....#
##..@##...##.....#
##(.#.....#....##
##...........##
######.....##
#######


You could see a centaur warrior.

Vanquished Creatures
  2 two-headed ogres
  A spriggan (D:7)
  A wyvern (D:8)
  Eustachio (D:6)
  A hungry ghost (D:7)
  3 sky beasts
  An orc warrior (D:7)
  2 ice beasts (D:8)
  An ogre (D:7)
  2 centaurs
  2 big kobolds
  Blork the orc (D:6)
  5 bullfrogs
  2 scorpions
  9 howler monkeys
  A quasit (D:6)
  3 bullfrog skeletons
  3 jellies
  Crazy Yiuf (D:6)
  6 orc priests
  3 hounds
  7 orc wizards
  Terence (D:3)
  Natasha (twice) (D:3)
  3 worker ants
  A hound skeleton (D:7)
  A howler monkey zombie (D:9)
  4 gnolls (D:7)
  A howler monkey skeleton (D:4)
  11 adders
  2 oozes
  An adder zombie (D:6)
  3 worms
  A dart slug (D:1)
  2 leopard geckos
  29 orcs
  6 bats
  6 giant cockroaches
  7 goblins
  5 hobgoblins
  10 jackals
  2 quokkas (D:6)
  3 ball pythons
  3 frilled lizards
  16 kobolds
  A leopard gecko skeleton (D:5)
  A quokka skeleton (D:9)
  6 rats
186 creatures vanquished.

Notes
Turn   | Place    | Note
-------+----------+-------------------------------------------
     0 | D:1      | nikopol the Deep Elf Fire Elementalist began the quest for the Orb.
     0 | D:1      | Reached XP level 1. HP: 10/10 MP: 6/6
   142 | D:1      | Reached XP level 2. HP: 15/15 MP: 5/8
   923 | D:2      | Reached XP level 3. HP: 19/19 MP: 5/10
   927 | D:2      | Learned a level 2 spell: Throw Flame
   931 | D:2      | Learned a level 3 spell: Conjure Flame
  1193 | D:2      | Reached XP level 4. HP: 24/24 MP: 7/11
  1529 | D:2      | Reached skill level 4 in Spellcasting
  2091 | D:3      | Reached XP level 5. HP: 26/28 MP: 8/13
  2281 | D:3      | Noticed Natasha
  2286 | D:3      | Killed Natasha
  2294 | D:3      | Noticed Terence
  2548 | D:3      | Learned a level 5 spell: Fireball
  2660 | D:3      | Found a faded altar of an unknown god.
  2764 | D:3      | Noticed Natasha
  2766 | D:3      | Killed Natasha
  2841 | D:3      | Killed Terence
  2841 | D:3      | Reached skill level 5 in Fire Magic
  2921 | D:4      | Reached skill level 5 in Spellcasting
  3067 | D:4      | Reached XP level 6. HP: 32/32 MP: 8/16
  3469 | D:4      | Reached skill level 6 in Spellcasting
  3833 | D:5      | Entered Level 5 of the Dungeon
  3973 | D:4      | Reached XP level 7. HP: 36/36 MP: 10/19
  4426 | D:5      | Reached skill level 7 in Spellcasting
  4814 | D:5      | You fall through a shaft for 2 floors!
  5569 | D:5      | Found a blossoming altar of Fedhas.
  5570 | D:5      | Found a white marble altar of Elyvilon.
  5571 | D:5      | Found a glowing silver altar of Zin.
  5571 | D:5      | Found a burning altar of Makhleb.
  5831 | D:6      | Reached skill level 5 in Conjurations
  5831 | D:6      | Reached XP level 8. HP: 41/41 MP: 13/21
  5836 | D:6      | Reached skill level 8 in Spellcasting
  5971 | D:6      | Noticed a two-headed ogre
  5983 | D:6      | Killed a two-headed ogre
  5983 | D:6      | Reached skill level 9 in Spellcasting
  6092 | D:6      | Got a faintly glowing broad axe
  6093 | D:6      | Identified the +10 broad axe of Desertification {venom, +Rage} (You found it on level 6 of the Dungeon)
  6163 | D:6      | Found a blossoming altar of Fedhas.
  6307 | D:6      | Noticed Eustachio
  6314 | D:6      | Killed Eustachio
  6314 | D:6      | Reached XP level 9. HP: 45/45 MP: 7/24
  6737 | D:6      | Noticed Blork the orc
  6745 | D:6      | Killed Blork the orc
  7123 | D:6      | Found a runed door.
  7127 | D:6      | Noticed Crazy Yiuf
  7130 | D:6      | Killed Crazy Yiuf
  7130 | D:6      | Reached skill level 10 in Spellcasting
  7429 | D:7      | Found a staircase to the Ecumenical Temple.
  7456 | Temple   | Entered the Ecumenical Temple
  7549 | Temple   | Became a worshipper of Sif Muna the Loreminder
  8849 | D:8      | Reached * piety under Sif Muna
  8944 | D:8      | Reached skill level 1 in Fighting
  9060 | D:8      | Reached skill level 1 in Short Blades
  9146 | D:8      | Noticed a two-headed ogre
  9612 | D:8      | Reached skill level 11 in Spellcasting
  9687 | D:8      | Found a snail-covered altar of Cheibriados.
  9753 | D:8      | Found a staircase to the Lair.
  9771 | D:8      | Killed a two-headed ogre
  9771 | D:8      | Reached XP level 10. HP: 52/52 MP: 7/27
 10103 | D:8      | Found Delixac's Magic Scroll Shop.
 10133 | D:8      | Bought a scroll of teleportation for 45 gold pieces
 10133 | D:8      | Bought a scroll of summoning for 142 gold pieces
 10323 | D:9      | Noticed a white ugly thing
 10426 | D:9      | Noticed a centaur warrior
 10431 | D:9      | Shot with an arrow by a centaur warrior

Skill      XL: |  1  2  3  4  5  6  7  8  9 |
---------------+----------------------------+-----
Fire Magic     | 4 5 6 8 9 |  9.4
Conjurations   | 2 3 5 6 8 |  8.8
Spellcasting   | 4 5 6 7 9 11 | 11.6
Stealth        | 3 4 |  4.1
Dodging        | 3 |  3.9
Fighting       | 1 |  1.3
Short Blades   | 1 |  1.0

Action                   |  1- 3 |  4- 6 |  7- 9 | 10-12 || total
-------------------------+-------+-------+-------+-------++-------
Melee: Unarmed           |     1 |       |       |       ||     1
       Dagger            |     1 |     1 |    60 |    15 ||    77
 Cast: Flame Tongue      |    58 |    89 |   281 |    26 ||   454
       Throw Flame       |       |    19 |    40 |     2 ||    61
       Conjure Flame     |       |     6 |    22 |     2 ||    30
       Fireball          |       |       |     8 |     2 ||    10
 Stab: Sleeping          |     2 |     1 |       |       ||     3
  Eat: Chunk             |     1 |     7 |    18 |     3 ||    29
       Ration            |       |       |     1 |       ||     1
Armor: Robe              |     1 |       |    30 |     5 ||    36
Dodge: Dodged            |    15 |     6 |   160 |    19 ||   200
